 Dungeon Crawl Stone Soup version 0.29.1-15-g9cfb28693d (webtiles) character file.

Game seed: 5190970735840427840

81 javelincjr the Conjurer (level 4, -8/28 HPs)
             Began as a Gnoll Conjurer on Apr 10, 2023.
             Was a Believer of Hepliaklqana.
             Killed from afar by Ijyb (23 damage)
             ... with a bolt of dispelling energy
             ... on level 3 of the Dungeon.
             The game lasted 00:03:54 (2151 turns).

javelincjr the Conjurer (Gnoll Conjurer)            Turns: 2151, Time: 00:03:54

Health: -8/28      AC:  4    Str:  8    XL:     4   Next: 40%
Magic:  6/11       EV: 13    Int: 18    God:    Hepliaklqana [**....]
Gold:   161        SH:  0    Dex: 10    Spells: 10/13 levels left

rFire   . . .      SeeInvis .   d - +0 rapier
rCold   . . .      Faith    .   (no shield)
rNeg    . . .      Spirit   .   a - +0 robe
rPois   .          Reflect  .   (no helmet)
rElec   .          Harm     .   l - +0 cloak
rCorr   .          Rampage  .   f - +0 pair of gloves
Will    .....                   (no boots)
Stlth   ++........              (no amulet)
HPRegen 0.09/turn               (no ring)
MPRegen 0.12/turn               (no ring)

@: no status effects
A: reduced essence, fangs 1, strong nose, distributed training
a: Renounce Religion, Recall Ancestor, Ancestor Identity


You were on level 3 of the Dungeon.
You worshipped Hepliaklqana.
Hepliaklqana was pleased with you.
You visited 1 branch of the dungeon, and saw 3 of its levels.

You collected 161 gold pieces.

Inventory:

Hand Weapons
 d - a +0 rapier (weapon)
Missiles
 k - a throwing net
Armour
 a - a +0 robe (worn)
 f - a +0 pair of gloves (worn)
 l - a +0 cloak (worn)
Jewellery
 q - a ring of protection from fire
Scrolls
 c - 5 scrolls of identify {unknown}
 g - a scroll of teleportation {unknown}
 h - a scroll of magic mapping {unknown}
 i - a scroll of summoning {unknown}
 j - a scroll of blinking {unknown}
 m - a scroll of immolation {unknown}
 n - 2 scrolls of fog {unknown}
 o - a scroll of noise {unknown}
 p - a scroll of amnesia {unknown}
Potions
 b - a potion of magic
 e - a potion of might {unknown}


   Skills:
 + Level 1.2 Fighting
 + Level 1.2 Short Blades
 + Level 1.2 Long Blades
 + Level 1.2 Axes
 + Level 1.2 Maces & Flails
 + Level 1.2 Polearms
 + Level 1.2 Staves
 + Level 1.2 Ranged Weapons
 + Level 1.2 Throwing
 + Level 1.2 Armour
 + Level 4.6 Dodging
 + Level 4.3 Stealth
 + Level 1.2 Shields
 + Level 1.2 Unarmed Combat
 + Level 5.1 Spellcasting
 + Level 7.1 Conjurations
 + Level 1.0 Hexes
 + Level 1.0 Summonings
 + Level 1.0 Necromancy
 + Level 1.0 Translocations
 + Level 1.0 Transmutations
 + Level 1.0 Fire Magic
 + Level 1.0 Ice Magic
 + Level 1.0 Air Magic
 + Level 1.0 Earth Magic
 + Level 1.0 Poison Magic
 + Level 1.3 Invocations
 + Level 1.2 Evocations


You had 10 spell levels left.
You knew the following spells:

 Your Spells              Type           Power      Damage    Failure   Level
a - Magic Dart            Conj           100%       1d8       1%          1
b - Searing Ray           Conj           60%        2d6       1%          2

Your spell library contained the following spells:

 Spells                   Type           Power      Damage    Failure   Level
 Dazzling Flash           Conj/Hex       38%        N/A       8%          3
 Fulminant Prism          Conj/Hex       9%         3d7       24%         4
 Iskenderun's Mystic Bla  Conj/Tloc      19%        2d6       24%         4


Dungeon Overview and Level Annotations

Branches:
Dungeon (3/15)

Altars:
Hepliaklqana
Kikubaaqudgha
Makhleb
Okawaru

Annotations:
D:3 Ijyb


Innate Abilities, Weirdness & Mutations

Your life essence is reduced to manifest your ancestor. (-10% HP)
You have very sharp teeth.
Your uncanny sense of smell can sniff out nearby items.
Your experience applies equally to all skills.


Message History

The magic dart hits the quokka.
The quokka is severely wounded.
The magic dart hits the quokka.
The quokka is almost dead.
The quokka bites you but does no damage.
Publia points at the quokka and mumbles some strange words.
The stone arrow misses the quokka.
You closely miss the quokka.
The quokka is almost dead.
The quokka bites you.
The quokka bites you but does no damage.
Publia gestures at the quokka while chanting.
The stone arrow misses the quokka.
You miss the quokka.
The quokka is almost dead.
The quokka bites you but does no damage.
You swap places.
The quokka barely misses Publia.
Publia barely misses the quokka.
The quokka bites Publia.
Publia misses the quokka.
The quokka bites Publia.
Publia hits the quokka with a +0 quarterstaff.
The quokka dies!
Ancestor HP restored.
You swap places.
Ijyb the Twisted Goblin comes into view.
She is wielding a +0 club and carrying a wand of quicksilver (6).
The magic dart hits Ijyb.
Ijyb is lightly wounded.
Ijyb shouts!
Ijyb zaps a wand.
The bolt of dispelling energy hits you!
The magic dart hits Ijyb.
Ijyb is moderately wounded.
The magic dart hits Ijyb.
Ijyb is heavily wounded.
The magic dart hits Ijyb!
Ijyb is severely wounded.
Publia avoids your attack.
The magic dart hits Ijyb.
Ijyb is almost dead.
Publia closely misses Ijyb.
Ijyb zaps a wand.
The bolt of dispelling energy hits you!!
Ouch! That really hurt!
You die...

#........ #.......#
#####...
#.......#######....#
#...............)..#
#....g.... ......†..
#....R..# .......#.
#....>..#........#..
#...................
#@...# #####....
#.###..≈≈≈≈≈..#...
#.# #.≈.....≈.#...
#.# #.≈.≈≈≈.≈.#...
#.# #.≈≈...≈≈.##..
#.# #.≈≈._.≈≈.#...
#.# #.≈≈...≈≈.#...
#.# #.≈.≈≈≈.≈.#...
#.###.≈.....≈.#...


You could see the friendly Publia the battlemage and Ijyb (ally target).

Vanquished Creatures
  3 gnolls (D:2)
  A dart slug (D:2)
  An orc (D:3)
  An endoplasm (D:2)
  4 giant cockroaches
  3 goblins
  7 hobgoblins
  6 jackals (D:1)
  3 kobolds (D:1)
  A quokka (D:3)
  4 ball pythons
  7 bats
  3 frilled lizards
  2 rats
46 creatures vanquished.

Vanquished Creatures (collateral kills)
  A quokka (D:3)
1 creature vanquished.

Vanquished Creatures (others)
  An ancestor (D:2)
1 creature vanquished.

Grand Total: 48 creatures vanquished

Notes
Turn   | Place    | Note
-------+----------+-------------------------------------------
     0 | D:1      | javelincjr the Gnoll Conjurer began the quest for the Orb.
     0 | D:1      | Reached XP level 1. HP: 13/13 MP: 6/6
    73 | D:1      | Found a faded altar of an unknown god.
   449 | D:1      | Reached XP level 2. HP: 19/19 MP: 5/7
  1003 | D:1      | Prayed at the altar of an unknown god.
  1003 | D:1      | Became a worshipper of Hepliaklqana the Forgotten
  1003 | D:1      | Reached * piety under Hepliaklqana
  1032 | D:2      | Reached skill level 5 in Spellcasting
  1032 | D:2      | Reached XP level 3. HP: 22/22 MP: 5/9
  1072 | D:2      | Found an ancient bone altar of Kikubaaqudgha.
  1332 | D:2      | Reached skill level 1 in Invocations
  1343 | D:2      | Reached skill level 1 in Fighting
  1343 | D:2      | Reached skill level 1 in Short Blades
  1343 | D:2      | Reached skill level 1 in Long Blades
  1343 | D:2      | Reached skill level 1 in Axes
  1343 | D:2      | Reached skill level 1 in Maces & Flails
  1343 | D:2      | Reached skill level 1 in Polearms
  1343 | D:2      | Reached skill level 1 in Staves
  1343 | D:2      | Reached skill level 1 in Ranged Weapons
  1343 | D:2      | Reached skill level 1 in Throwing
  1343 | D:2      | Reached skill level 1 in Armour
  1343 | D:2      | Reached skill level 1 in Shields
  1343 | D:2      | Reached skill level 1 in Unarmed Combat
  1343 | D:2      | Reached skill level 1 in Evocations
  1359 | D:2      | Reached XP level 4. HP: 28/28 MP: 0/11
  2006 | D:3      | Reached skill level 1 in Hexes
  2006 | D:3      | Reached skill level 1 in Summonings
  2006 | D:3      | Reached skill level 1 in Necromancy
  2006 | D:3      | Reached skill level 1 in Translocations
  2006 | D:3      | Reached skill level 1 in Transmutations
  2006 | D:3      | Reached skill level 1 in Fire Magic
  2006 | D:3      | Reached skill level 1 in Ice Magic
  2006 | D:3      | Reached skill level 1 in Air Magic
  2006 | D:3      | Reached skill level 1 in Earth Magic
  2006 | D:3      | Reached skill level 1 in Poison Magic
  2018 | D:3      | Found a burning altar of Makhleb.
  2050 | D:3      | Reached ** piety under Hepliaklqana
  2051 | D:3      | Remembered your ancestor Publia as a battlemage
  2055 | D:3      | Learned a level 2 spell: Searing Ray
  2072 | D:3      | Found an iron altar of Okawaru.
  2146 | D:3      | Noticed Ijyb
  2151 | D:3      | Killed from afar by Ijyb

Illustrated notes

Levels and vault maps discovered:
D:1:      psy_arrival_whirlpool, layout_basic,
          chequers_ecumenical_altar_simple_redux, serial_glass, glass_columns_c,
          glass_columns_a, glass_columns_a, glass_columns_a, glass_columns_b,
          glass_columns_a, glass_columns_c, glass_columns_a, feat_on_display,
          feat_on_display, nicolae_titane
D:2:      layout_basic, serial_curves, eino_curves_02, eino_curves_01,
          basic_altar, minmay_tromino_v2
D:3:      layout_rooms, mainiacjoe_overflow_brackets, mainiacjoe_overflow_paths,
          uniq_ijyb

Skill      XL: |  1  2  3  4 |
---------------+-------------+-----
Spellcasting   | 5 |  5.1
Invocations    | 1 |  1.3
Fighting       | 1 |  1.2
Short Blades   | 1 |  1.2
Long Blades    | 1 |  1.2
Axes           | 1 |  1.2
Maces & Flails | 1 |  1.2
Polearms       | 1 |  1.2
Staves         | 1 |  1.2
Ranged Weapons | 1 |  1.2
Throwing       | 1 |  1.2
Armour         | 1 |  1.2
Shields        | 1 |  1.2
Unarmed Combat | 1 |  1.2
Evocations     | 1 |  1.2
Hexes          | 1 |  1.0
Summonings     | 1 |  1.0
Necromancy     | 1 |  1.0
Translocations | 1 |  1.0
Transmutations | 1 |  1.0
Fire Magic     | 1 |  1.0
Ice Magic      | 1 |  1.0
Air Magic      | 1 |  1.0
Earth Magic    | 1 |  1.0
Poison Magic   | 1 |  1.0
Dodging        | |  4.6
Stealth        | |  4.3
Conjurations   | |  7.1

Action                   |  1- 3 |  4- 6 || total
-------------------------+-------+-------++-------
Melee: Unarmed           |     8 |       ||     8
       Rapier            |     4 |    21 ||    25
       Bite              |     2 |     3 ||     5
       Punch             |     1 |       ||     1
 Cast: Magic Dart        |    44 |    33 ||    77
Invok: Ancestor Life: Ba |       |     1 ||     1
 Stab: Sleeping          |     1 |       ||     1
Armor: Robe              |     2 |     9 ||    11
Dodge: Dodged            |    19 |    22 ||    41
